[ AOE2 MATCH · #505247695 ]
UnrankedBengalis vs Dravidians
Player's team · WIN
[ REPLAY ANALYSIS · EXTRACTED FROM THE RECORDED GAME ]
Feudal
8:51
Castle
26:14
Imperial
—
| APM avg | 42.8 |
| APM peak | 62 |
| eAPM avg | 23.9 |
| Villagers / military | 168 / 113 |
Focus
⚔️ 42.0% · 🌾 58.0%
Ratha (Ranged) ×60 · Skirmisher ×29 · Scout Cavalry ×19 · Monk ×2 · Mangonel ×2 · Battle Elephant ×1
Feudal
9:45
Castle
23:19
Imperial
46:40
| APM avg | 60.3 |
| APM peak | 102 |
| eAPM avg | 28.9 |
| Villagers / military | 205 / 219 |
Focus
⚔️ 40.9% · 🌾 59.1%
Skirmisher ×160 · Elephant Archer ×36 · Armored Elephant ×8 · Mangonel ×4 · Spearman ×4 · Battle Elephant ×3
Match map
Initial resources + every placement click. Lines = walls · curves = elevation contours. ◆ gold · ⬟ stone · ● berries · ✦ relic · ◌ wall gap
Your base· Open — unwalled flank
koteshii's base· Open — 5t gap
Smoothed initial terrain · ◌ = detected wall gap · hover for details
Inputs per minute
— RaggedCone8628 - - koteshii
Build order — RaggedCone8628
First 150 of 453 actions detected
| 0:01 | Queue | Villager (Male) |
| 0:01 | Queue | Villager (Male) |
| 0:01 | Queue | Villager (Male) |
| 0:02 | Build | House |
| 0:04 | Build | House |
| 0:11 | Queue | Villager (Male) |
| 0:11 | Queue | Villager (Male) |
| 1:26 | Build | Mill |
| 1:30 | Queue | Villager (Male) |
| 2:00 | Queue | Villager (Male) |
| 2:23 | Queue | Villager (Male) |
| 2:53 | Queue | Villager (Male) |
| 3:20 | Queue | Villager (Male) |
| 3:39 | Queue | Villager (Male) |
| 3:51 | Build | House |
| 3:56 | Queue | Villager (Male) |
| 4:30 | Queue | Villager (Male) |
| 4:49 | Queue | Villager (Male) |
| 5:15 | Queue | Villager (Male) |
| 5:44 | Queue | Villager (Male) |
| 5:44 | Research | Loom |
| 5:58 | Build | Lumber Camp |
| 6:40 | Research | Feudal Age |
| 7:10 | Build | House |
| 8:12 | Build | Barracks |
| 8:38 | Queue | Villager (Male) |
| 8:51 | Age | Feudal Age |
| 9:06 | Build | Archery Range |
| 9:11 | Research | Double-Bit Axe |
| 9:13 | Queue | Villager (Male) |
| 9:17 | Research | Horse Collar |
| 9:38 | Queue | Villager (Male) |
| 9:55 | Build | Mining Camp |
| 9:56 | Queue | Villager (Male) |
| 10:15 | Build | House |
| 10:19 | Research | Town Watch |
| 10:25 | Queue | Villager (Male) |
| 10:28 | Build | Mill |
| 10:58 | Queue | Villager (Male) |
| 11:18 | Build | Farm |
| 11:19 | Build | Farm |
| 11:26 | Build | House |
| 11:34 | Build | Watch Tower |
| 11:37 | Queue | Skirmisher |
| 11:43 | Queue | Villager (Male) |
| 11:52 | Build | House |
| 11:56 | Build | House |
| 12:04 | Build | Watch Tower |
| 12:08 | Queue | Villager (Male) |
| 12:15 | Build | Palisade Wall |
| 12:17 | Queue | Skirmisher |
| 12:27 | Build | Palisade Wall |
| 12:28 | Build | Palisade Wall |
| 12:28 | Build | Palisade Wall |
| 12:29 | Build | Palisade Wall |
| 12:29 | Build | Palisade Wall |
| 12:32 | Build | Palisade Wall |
| 12:33 | Build | Palisade Wall |
| 12:34 | Build | Palisade Wall |
| 12:34 | Build | Palisade Wall |
| 12:36 | Queue | Villager (Male) |
| 12:49 | Build | Farm |
| 13:03 | Queue | Villager (Male) |
| 13:09 | Queue | Villager (Male) |
| 13:22 | Build | Farm |
| 13:23 | Build | Farm |
| 13:49 | Queue | Skirmisher |
| 13:54 | Queue | Villager (Male) |
| 13:56 | Build | Farm |
| 13:57 | Build | Farm |
| 14:17 | Queue | Villager (Male) |
| 14:18 | Queue | Skirmisher |
| 14:33 | Queue | Villager (Male) |
| 14:54 | Queue | Villager (Male) |
| 15:07 | Queue | Villager (Male) |
| 15:14 | Build | Farm |
| 15:15 | Build | Farm |
| 15:29 | Queue | Skirmisher |
| 15:44 | Queue | Villager (Male) |
| 15:47 | Queue | Skirmisher |
| 16:06 | Queue | Skirmisher |
| 16:22 | Queue | Villager (Male) |
| 16:28 | Build | Blacksmith |
| 16:32 | Build | House |
| 16:48 | Build | Watch Tower |
| 16:53 | Research | Fletching |
| 16:54 | Queue | Villager (Male) |
| 16:54 | Queue | Skirmisher |
| 17:05 | Queue | Skirmisher |
| 17:06 | Queue | Villager (Male) |
| 17:15 | Build | Watch Tower |
| 17:22 | Queue | Villager (Male) |
| 17:35 | Queue | Skirmisher |
| 17:38 | Queue | Villager (Male) |
| 18:01 | Queue | Villager (Male) |
| 18:07 | Queue | Villager (Male) |
| 18:10 | Build | House |
| 18:12 | Build | Palisade Wall |
| 18:16 | Build | Stable |
| 18:17 | Queue | Skirmisher |
| 18:32 | Build | House |
| 18:39 | Build | Farm |
| 18:39 | Build | Farm |
| 18:54 | Build | House |
| 18:58 | Queue | Scout Cavalry |
| 18:59 | Queue | Scout Cavalry |
| 19:04 | Build | Mining Camp |
| 19:04 | Queue | Villager (Male) |
| 19:22 | Build | Farm |
| 19:23 | Build | Farm |
| 19:24 | Build | Farm |
| 19:32 | Build | Watch Tower |
| 19:37 | Queue | Scout Cavalry |
| 19:52 | Research | Scale Barding Armor |
| 19:53 | Queue | Villager (Male) |
| 19:57 | Research | Forging |
| 19:59 | Queue | Skirmisher |
| 20:01 | Queue | Villager (Male) |
| 20:07 | Queue | Scout Cavalry |
| 20:08 | Queue | Villager (Male) |
| 20:11 | Build | House |
| 20:27 | Build | Watch Tower |
| 20:29 | Queue | Villager (Male) |
| 20:42 | Queue | Scout Cavalry |
| 21:07 | Build | Mining Camp |
| 21:13 | Build | House |
| 21:15 | Build | Palisade Wall |
| 21:16 | Build | Palisade Wall |
| 21:19 | Queue | Villager (Male) |
| 21:25 | Build | Farm |
| 21:45 | Build | Market |
| 21:49 | Build | Farm |
| 21:50 | Build | Farm |
| 21:50 | Build | Farm |
| 21:53 | Research | Wheelbarrow |
| 21:56 | Build | Lumber Camp |
| 21:58 | Build | Farm |
| 21:59 | Build | Farm |
| 22:32 | Build | Stable |
| 23:06 | Build | House |
| 23:06 | Build | House |
| 23:34 | Research | Castle Age |
| 23:55 | Queue | Scout Cavalry |
| 23:58 | Build | Stable |
| 24:11 | Queue | Skirmisher |
| 24:11 | Queue | Skirmisher |
| 24:23 | Queue | Skirmisher |
| 24:24 | Queue | Scout Cavalry |
| 24:30 | Build | Watch Tower |
| 24:38 | Build | Farm |
Build order — koteshii
First 150 of 580 actions detected
| 0:00 | Queue | Villager (Male) |
| 0:00 | Queue | Villager (Male) |
| 0:02 | Build | House |
| 0:02 | Build | House |
| 0:11 | Queue | Villager (Male) |
| 0:11 | Queue | Villager (Male) |
| 1:25 | Queue | Villager (Male) |
| 1:25 | Queue | Villager (Male) |
| 1:47 | Build | Lumber Camp |
| 1:52 | Build | Lumber Camp |
| 1:59 | Queue | Villager (Male) |
| 2:00 | Queue | Villager (Male) |
| 2:14 | Queue | Villager (Male) |
| 2:15 | Queue | Villager (Male) |
| 2:42 | Queue | Villager (Male) |
| 2:42 | Queue | Villager (Male) |
| 3:12 | Queue | Villager (Male) |
| 3:13 | Queue | Villager (Male) |
| 3:33 | Queue | Villager (Male) |
| 3:52 | Build | House |
| 3:53 | Build | House |
| 3:58 | Queue | Villager (Male) |
| 3:58 | Queue | Villager (Male) |
| 4:33 | Queue | Villager (Male) |
| 4:34 | Queue | Villager (Male) |
| 4:34 | Queue | Villager (Male) |
| 4:34 | Queue | Villager (Male) |
| 4:48 | Build | Mill |
| 5:12 | Queue | Villager (Male) |
| 5:38 | Queue | Villager (Male) |
| 6:08 | Queue | Villager (Male) |
| 6:13 | Research | Loom |
| 6:48 | Build | House |
| 6:52 | Build | Palisade Wall |
| 7:10 | Queue | Villager (Male) |
| 7:32 | Research | Feudal Age |
| 7:33 | Research | Feudal Age |
| 7:45 | Build | Barracks |
| 7:51 | Build | Palisade Wall |
| 7:52 | Build | Palisade Wall |
| 7:57 | Queue | Villager (Male) |
| 8:22 | Build | House |
| 9:11 | Build | House |
| 9:45 | Age | Feudal Age |
| 9:45 | Build | Archery Range |
| 9:51 | Build | Archery Range |
| 9:53 | Research | Double-Bit Axe |
| 9:53 | Research | Double-Bit Axe |
| 9:55 | Research | Horse Collar |
| 9:55 | Research | Horse Collar |
| 9:55 | Queue | Villager (Male) |
| 9:58 | Build | Farm |
| 10:20 | Build | Farm |
| 10:23 | Queue | Villager (Male) |
| 10:28 | Build | Farm |
| 10:41 | Queue | Skirmisher |
| 10:41 | Queue | Skirmisher |
| 10:44 | Queue | Villager (Male) |
| 10:45 | Queue | Skirmisher |
| 10:58 | Build | Farm |
| 11:06 | Queue | Skirmisher |
| 11:09 | Queue | Skirmisher |
| 11:09 | Queue | Skirmisher |
| 11:13 | Queue | Spearman |
| 11:14 | Queue | Villager (Male) |
| 11:21 | Build | Farm |
| 11:23 | Queue | Villager (Male) |
| 11:23 | Queue | Villager (Male) |
| 11:33 | Queue | Skirmisher |
| 11:34 | Queue | Skirmisher |
| 11:40 | Queue | Skirmisher |
| 11:49 | Queue | Skirmisher |
| 11:54 | Build | Farm |
| 12:09 | Build | Farm |
| 12:09 | Queue | Villager (Male) |
| 12:22 | Build | Farm |
| 12:28 | Queue | Skirmisher |
| 12:28 | Queue | Skirmisher |
| 12:30 | Queue | Villager (Male) |
| 12:45 | Build | Lumber Camp |
| 12:52 | Queue | Skirmisher |
| 12:53 | Queue | Villager (Male) |
| 12:54 | Queue | Spearman |
| 13:25 | Queue | Villager (Male) |
| 13:39 | Queue | Skirmisher |
| 13:39 | Queue | Skirmisher |
| 13:40 | Queue | Villager (Male) |
| 13:47 | Build | House |
| 14:04 | Queue | Villager (Male) |
| 14:27 | Build | Blacksmith |
| 14:31 | Queue | Skirmisher |
| 14:36 | Queue | Villager (Male) |
| 14:49 | Queue | Villager (Male) |
| 15:04 | Queue | Villager (Male) |
| 15:17 | Build | Farm |
| 15:19 | Build | Farm |
| 15:21 | Build | Farm |
| 15:23 | Build | Farm |
| 15:26 | Research | Fletching |
| 15:30 | Queue | Villager (Male) |
| 15:36 | Queue | Skirmisher |
| 15:39 | Queue | Spearman |
| 15:39 | Queue | Spearman |
| 15:51 | Queue | Skirmisher |
| 16:04 | Build | House |
| 16:11 | Build | Farm |
| 16:14 | Build | Farm |
| 16:17 | Queue | Villager (Male) |
| 16:18 | Queue | Skirmisher |
| 16:38 | Build | Farm |
| 16:39 | Queue | Villager (Male) |
| 16:59 | Queue | Villager (Male) |
| 17:03 | Build | House |
| 17:05 | Build | House |
| 17:06 | Build | House |
| 17:07 | Build | Farm |
| 17:08 | Build | Farm |
| 17:28 | Queue | Skirmisher |
| 17:28 | Queue | Skirmisher |
| 17:47 | Queue | Skirmisher |
| 17:49 | Queue | Villager (Male) |
| 17:49 | Queue | Villager (Male) |
| 17:52 | Queue | Villager (Male) |
| 17:56 | Queue | Villager (Male) |
| 18:08 | Queue | Skirmisher |
| 18:08 | Queue | Skirmisher |
| 18:12 | Build | Watch Tower |
| 18:15 | Queue | Villager (Male) |
| 18:18 | Build | Mining Camp |
| 18:22 | Build | Farm |
| 18:24 | Build | Farm |
| 18:35 | Queue | Villager (Male) |
| 18:49 | Queue | Villager (Male) |
| 18:56 | Build | Palisade Wall |
| 18:57 | Build | Palisade Wall |
| 18:58 | Build | Palisade Wall |
| 18:58 | Build | Palisade Wall |
| 18:59 | Build | Palisade Wall |
| 19:14 | Build | Market |
| 19:16 | Queue | Villager (Male) |
| 19:23 | Queue | Villager (Male) |
| 19:39 | Build | Farm |
| 19:53 | Research | Padded Archer Armor |
| 20:01 | Queue | Villager (Male) |
| 20:11 | Queue | Villager (Male) |
| 20:13 | Build | Farm |
| 20:38 | Research | Castle Age |
| 20:46 | Queue | Villager (Male) |
| 20:49 | Queue | Skirmisher |
| 20:49 | Queue | Skirmisher |
Match timeline
| 6:52 | koteshii · wall_segment Palisade Wall x3 |
| 7:45 | koteshii · first_building Barracks |
| 7:51 | koteshii · wall_segment Palisade Wall x5 |
| 7:52 | koteshii · wall_segment Palisade Wall x2 |
| 8:12 | RaggedCone8628 · first_building Barracks |
| 8:51 | RaggedCone8628 · age_up feudal |
| 9:06 | RaggedCone8628 · first_building Archery Range |
| 9:45 | koteshii · age_up feudal |
| 9:45 | koteshii · first_building Archery Range |
| 12:15 | RaggedCone8628 · wall_segment Palisade Wall x6 |
| 12:27 | RaggedCone8628 · wall_segment Palisade Wall x1 |
| 12:28 | RaggedCone8628 · wall_segment Palisade Wall x1 |
| 12:28 | RaggedCone8628 · wall_segment Palisade Wall x1 |
| 12:29 | RaggedCone8628 · wall_segment Palisade Wall x1 |
| 12:29 | RaggedCone8628 · wall_segment Palisade Wall x1 |
| 12:32 | RaggedCone8628 · wall_segment Palisade Wall x1 |
| 12:33 | RaggedCone8628 · wall_segment Palisade Wall x1 |
| 12:34 | RaggedCone8628 · wall_segment Palisade Wall x1 |
| 12:34 | RaggedCone8628 · wall_segment Palisade Wall x1 |
| 18:12 | RaggedCone8628 · wall_segment Palisade Wall x1 |
| 18:16 | RaggedCone8628 · first_building Stable |
| 18:56 | koteshii · wall_segment Palisade Wall x1 |
| 18:57 | koteshii · wall_segment Palisade Wall x2 |
| 18:58 | koteshii · wall_segment Palisade Wall x2 |
| 18:58 | koteshii · wall_segment Palisade Wall x3 |
| 18:59 | koteshii · wall_segment Palisade Wall x2 |
| 21:15 | RaggedCone8628 · wall_segment Palisade Wall x1 |
| 21:16 | RaggedCone8628 · wall_segment Palisade Wall x1 |
| 22:57 | RaggedCone8628 · first_market_sell 100 wood |
| 23:00 | RaggedCone8628 · first_market_buy 100 food |
| 23:19 | koteshii · age_up castle |
| 23:20 | koteshii · first_building Siege Workshop |
| 24:32 | koteshii · first_market_sell 100 food |
| 25:28 | koteshii · first_market_buy 100 food |
| 26:14 | RaggedCone8628 · age_up castle |
| 27:18 | RaggedCone8628 · first_building Castle |
| 32:47 | koteshii · first_building Stable |
| 35:27 | RaggedCone8628 · first_building Monastery |
| 36:55 | RaggedCone8628 · wall_segment Palisade Wall x1 |
| 36:55 | RaggedCone8628 · wall_segment Palisade Wall x1 |
| 36:56 | RaggedCone8628 · wall_segment Palisade Wall x1 |
| 36:56 | RaggedCone8628 · wall_segment Palisade Wall x1 |
| 36:57 | RaggedCone8628 · wall_segment Palisade Wall x1 |
| 37:46 | RaggedCone8628 · first_building Siege Workshop |
| 41:19 | koteshii · first_building Monastery |
| 46:40 | koteshii · age_up imperial |
| 47:45 | koteshii · resign |
[ AI ANALYSIS · 1 CREDIT ]
What really happened in this match?
Wolo.gg analyzes every decision: build order, eco, micro, common mistakes by bracket. Personalized analysis on WhatsApp or Discord in 30 seconds.
Civ guide
Bengalis
Perfil
Jugador #23079294